Map: Ice and Chrome LE

Players

MCanning - Winner!

  • Race: Protoss Protoss
  • Spawn Location: 1:00

DisK

  • Race: Protoss Protoss
  • League: Grandmaster
  • Spawn Location: 7:00

Event: DreamHack SC2 Masters 2020 Fall

VOD

Have the link to the VOD?

Description

Time

  • Played on: Sept. 4, 2020, 4:53 p.m.
  • Length: 17:34

All games in this series

Show
View Real Time Build Order
Export as new Build Order

MCanning Protoss - Winner!

Build Orders:  

Get SALT Encoding   

  12  0:00  Probe  
  13  0:12  Probe  
  14  0:17  Pylon  
  14  0:24  Probe  
  15  0:36  Gateway, Probe (Chrono Boost)  
  16  0:46  Assimilator, Probe (Chrono Boost)  
  17  0:51  Probe (Chrono Boost)  
  17  0:55  Assimilator  
  18  1:03  Probe (Chrono Boost)  
  19  1:12  Gateway  
  19  1:14  Probe (Chrono Boost)  
  20  1:19  Probe (Chrono Boost)  
  21  1:26  Cybernetics Core  
  21  1:29  Probe  
  22  1:38  Pylon  
  22  1:41  Probe  
  23  1:50  Unknown x2  
  23  1:51  Unknown  
  23  1:56  Probe  
  23  2:01  Warp Gate (Chrono Boost)  
  24  2:03  Adept x2  
  28  2:09  Probe  
  28  2:10  Pylon  
  28  2:15  Pylon  
  29  2:32  Probe  
  29  2:33  Adept x2  
  34  2:52  Nexus  
  34  3:03  Adept x2  
  38  3:09  Pylon  
  38  3:14  Probe  
  38  3:19  Shield Battery  
  39  3:27  Probe  
  40  3:39  Probe (Chrono Boost)  
  41  3:41  Adept  
  41  3:42  Adept  
  45  3:49  Robotics Facility  
  45  3:51  Probe (Chrono Boost)  
  46  3:55  Probe (Chrono Boost)  
  47  4:05  Sentry x2, Pylon  
  47  4:08  Probe (Chrono Boost)  
  53  4:10  Probe (Chrono Boost)  
  54  4:18  Probe (Chrono Boost)  
  54  4:20  Probe (Chrono Boost)  
  54  4:21  Shield Battery  
  54  4:23  Probe (Chrono Boost)  
  55  4:29  Sentry  
  55  4:30  Probe  
  59  4:35  Probe  
  59  4:38  Forge, Observer (Chrono Boost)  
  61  4:42  Probe  
  62  4:47  Probe  
  63  4:53  Immortal (Chrono Boost)  
  63  4:54  Probe  
  63  4:56  Pylon  
  63  4:59  Probe  
  69  5:06  Probe  
  70  5:12  Probe  
  69  5:16  Protoss Ground Weapons Level 1 (Chrono Boost)  
  65  5:21  Stalker  
  65  5:24  Assimilator  
  65  5:25  Immortal (Chrono Boost)  
  65  5:26  Assimilator  
  65  5:28  Twilight Council  
  71  5:33  Probe  
  72  5:44  Gateway  
  72  5:45  Gateway  
  72  5:49  Shield Battery  
  72  5:52  Stalker  
  72  5:55  Pylon  
  74  5:57  Immortal  
  74  5:59  Pylon  
  78  6:04  Robotics Bay  
  78  6:07  Pylon  
  78  6:09  Blink (Chrono Boost)  
  78  6:13  Probe  
  79  6:19  Pylon  
  79  6:27  Stalker x2  
  83  6:34  Nexus  
  83  6:38  Pylon  
  83  6:39  Probe  
  84  6:43  Observer  
  84  6:45  Probe  
  86  6:51  Probe  
  87  6:57  Probe  
  88  7:01  Stalker x2  
  88  7:03  Probe  
  88  7:04  Disruptor (Chrono Boost)  
  96  7:09  Probe  
  96  7:13  Gateway  
  96  7:15  Gateway, Probe  
  97  7:18  Zealot  
  97  7:21  Protoss Ground Weapons Level 2 (Chrono Boost), Probe  
  101  7:28  Probe  
  98  7:31  Robotics Facility  
  98  7:33  Probe, Pylon  
  98  7:35  Disruptor (Chrono Boost)  
  99  7:42  Probe  
  103  7:45  Probe  
  103  7:48  Gateway  
  102  7:53  Probe  
  102  7:55  Gateway, Charge  
  102  7:57  Pylon  
  103  8:01  Dark Shrine  
  103  8:02  Probe x2  
  105  8:05  Warp Prism (Chrono Boost)  
  107  8:18  Photon Cannon  
  107  8:19  Probe  
  108  8:21  Assimilator  
  108  8:22  Stalker  
  108  8:23  Stalker  
  108  8:25  Assimilator  
  108  8:27  Probe  
  113  8:29  Pylon  
  116  8:35  Photon Cannon  
  116  8:38  Disruptor (Chrono Boost)  
  116  8:40  Disruptor (Chrono Boost)  
  119  8:46  Stalker x2  
  123  8:51  Photon Cannon  
  123  8:58  Zealot  
  123  9:06  Pylon  
  123  9:07  Disruptor  
  124  9:11  Disruptor  
  124  9:16  Dark Templar x2  
  128  9:17  Zealot x2  
  128  9:21  Probe  
  130  9:27  Probe  
  130  9:28  Photon Cannon  
  130  9:30  Dark Templar x2  
  132  9:43  Dark Templar  
  132  9:44  Nexus  
  132  9:45  Zealot  
  136  9:48  Zealot, Pylon  
  138  9:54  Protoss Ground Weapons Level 3 (Chrono Boost)  
  138  9:57  Disruptor  
  141  10:00  Pylon  
  141  10:02  Pylon  
  141  10:13  Photon Cannon  
  141  10:15  Photon Cannon, Probe  
  138  10:24  Shadow Stride (Chrono Boost)  
  138  10:28  Dark Templar x3  
  142  10:29  Cybernetics Core  
  142  10:34  Photon Cannon  
  144  10:35  Pylon  
  145  10:47  Disruptor (Chrono Boost), Pylon x2  
  145  10:52  Zealot x2  
  145  10:53  Zealot  
  151  10:58  Probe  
  152  11:04  Observer (Chrono Boost)  
  152  11:06  Stalker x4  
  161  11:17  Disruptor (Chrono Boost)  
  164  11:18  Disruptor (Chrono Boost)  
  163  11:27  Zealot  
  163  11:28  Nexus, Pylon  
  165  11:33  Dark Templar  
  165  11:34  Zealot x2  
  165  11:37  Probe  
  172  11:45  Dark Templar  
  172  11:48  Zealot x2  
  172  11:49  Zealot  
  172  11:52  Disruptor  
  172  11:53  Probe  
  178  12:00  Probe  
  175  12:03  Zealot x3  
  175  12:04  Probe  
  175  12:08  Assimilator, Probe  
  173  12:09  Dark Templar  
  173  12:10  Assimilator  
  167  12:16  Dark Templar x3  
  167  12:20  Probe x3  
  176  12:27  Archon  
  176  12:28  Dark Templar x2  
  174  12:31  Photon Cannon  
  174  12:36  Photon Cannon  
  174  12:37  Disruptor, Shield Battery  
  174  12:43  Disruptor  
  171  12:50  Zealot  
  171  12:52  Zealot x3, Dark Templar  
  171  12:53  Zealot  
  163  13:08  Zealot x2  
  155  13:23  Zealot x5  
  162  13:27  Dark Templar  
  162  13:30  Zealot x2  
  161  13:35  Probe  
  155  13:42  Gateway  
  155  13:44  Zealot, Gateway  
  155  13:45  Zealot x3, Cybernetics Core  
  149  13:49  Gateway  
  149  13:52  Pylon  
  139  13:57  Gateway  
  139  13:59  Gateway  
  139  14:00  Stalker  
  139  14:02  Gateway  
  135  14:05  Cybernetics Core  
  135  14:08  Stalker x3  
  135  14:09  Robotics Facility, Stalker  
  135  14:18  Photon Cannon  
  135  14:20  Photon Cannon  
  133  14:31  Probe  
  133  14:32  Probe  
  133  14:37  Zealot x2  
  139  14:39  Probe  
  138  14:48  Zealot  
  129  15:02  Zealot x3  
  129  15:03  Zealot x3  
  133  15:20  Pylon  
  133  15:23  Pylon  
  133  15:24  Twilight Council, Pylon  
  133  15:27  Robotics Bay, Pylon  
  133  15:33  Pylon  
  133  15:34  Pylon  
  133  15:37  Pylon  
  133  15:38  Probe  
  133  15:40  Pylon  
  134  15:44  Zealot x6  
  134  15:45  Zealot x2  
  136  16:06  Zealot  
  136  16:07  Zealot  
  136  16:11  Zealot x6  
  114  16:36  Stalker x3  
  114  16:37  Stalker x5  
  104  17:04  Stalker x6  
  104  17:05  Stalker x2  
  102  17:18  Observer (Chrono Boost)  
Show
View Real Time Build Order
Export as new Build Order

DisK Protoss 

Build Orders:  

Get SALT Encoding   

  12  0:00  Probe  
  13  0:12  Probe  
  14  0:17  Pylon  
  14  0:24  Probe  
  15  0:35  Gateway  
  15  0:38  Probe (Chrono Boost)  
  16  0:47  Assimilator, Probe (Chrono Boost)  
  17  0:52  Probe (Chrono Boost)  
  17  0:55  Assimilator  
  19  1:04  Probe (Chrono Boost)  
  19  1:10  Gateway  
  19  1:13  Probe (Chrono Boost)  
  20  1:19  Probe  
  20  1:24  Cybernetics Core  
  21  1:31  Probe  
  22  1:34  Pylon  
  22  1:43  Probe  
  23  1:55  Probe  
  26  2:01  Sentry, Stalker  
  26  2:06  Warp Gate  
  26  2:07  Probe  
  29  2:15  Pylon  
  29  2:19  Probe  
  30  2:27  Pylon  
  30  2:33  Stalker x2  
  34  2:52  Nexus  
  34  3:04  Sentry, Probe (Chrono Boost)  
  37  3:15  Probe (Chrono Boost)  
  38  3:20  Pylon, Probe (Chrono Boost)  
  38  3:23  Twilight Council  
  39  3:35  Forge  
  39  3:38  Probe  
  40  3:43  Shield Battery  
  40  3:49  Shield Battery  
  40  3:53  Stalker  
  42  3:57  Stalker  
  44  4:09  Shield Battery  
  44  4:13  Blink (Chrono Boost)  
  44  4:20  Stalker  
  46  4:27  Photon Cannon  
  46  4:30  Probe  
  47  4:33  Probe (Chrono Boost)  
  48  4:43  Probe (Chrono Boost)  
  48  4:45  Stalker, Probe (Chrono Boost)  
  51  4:47  Stalker  
  54  4:53  Probe (Chrono Boost)  
  54  4:56  Probe (Chrono Boost)  
  54  4:58  Probe  
  54  4:59  Phoenix  
  54  5:17  Shield Battery  
  54  5:19  Protoss Ground Weapons Level 1 (Chrono Boost)  
  54  5:20  Probe (Chrono Boost)  
  55  5:25  Probe (Chrono Boost)  
  55  5:26  Stalker x2  
  59  5:30  Probe (Chrono Boost)  
  59  5:33  Probe (Chrono Boost)  
  61  5:41  Gateway, Probe (Chrono Boost)  
  61  5:47  Pylon  
  62  5:53  Robotics Facility  
  62  6:05  Nexus, Probe  
  62  6:08  Pylon  
  63  6:12  Stalker  
  63  6:15  Probe  
  66  6:20  Stalker  
  66  6:22  Probe  
  66  6:25  Assimilator  
  69  6:27  Probe  
  70  6:35  Gateway  
  70  6:39  Probe  
  71  6:40  Phoenix  
  71  6:42  Assimilator  
  71  6:44  Robotics Bay  
  71  6:51  Probe x2  
  73  7:04  Gateway, Probe x2  
  73  7:07  Gateway, Stalker  
  77  7:11  Pylon  
  77  7:13  Pylon  
  77  7:21  Probe (Chrono Boost)  
  80  7:23  Probe x2 (Chrono Boost)  
  80  7:27  Protoss Ground Weapons Level 2 (Chrono Boost)  
  80  7:29  Robotics Facility, Stalker x3  
  86  7:30  Observer  
  86  7:35  Probe x3  
  90  7:39  Phoenix  
  90  7:55  Stalker x3  
  90  7:56  Disruptor (Chrono Boost), Shield Battery  
  99  8:08  Probe x3  
  99  8:09  Shield Battery  
  102  8:17  Pylon x2  
  102  8:20  Probe x3  
  102  8:26  Stalker x2  
  109  8:31  Photon Cannon  
  109  8:33  Photon Cannon  
  109  8:36  Disruptor (Chrono Boost)  
  109  8:39  Disruptor (Chrono Boost)  
  109  8:40  Pylon  
  115  8:49  Assimilator, Probe  
  115  8:50  Assimilator  
  114  9:20  Stalker x6  
  124  9:27  Disruptor x2  
  128  9:33  Photon Cannon  
  128  9:34  Probe x2  
  128  9:35  Nexus, Probe  
  128  9:38  Pylon  
  131  9:46  Probe x2  
  131  9:51  Pylon x2  
  133  9:56  Probe  
  133  9:59  Stalker x3  
  140  10:02  Stalker  
  140  10:11  Stalker x2  
  142  10:20  Disruptor x2  
  148  10:29  Stalker x4  
  148  10:34  Protoss Ground Weapons Level 3 (Chrono Boost), Pylon  
  156  10:42  Probe  
  157  10:45  Pylon  
  157  10:46  Shield Battery, Probe  
  158  10:50  Gateway x2  
  156  11:04  Dark Shrine  
  156  11:06  Disruptor (Chrono Boost)  
  156  11:10  Observer (Chrono Boost)  
  160  11:12  Stalker  
  160  11:13  Stalker x4  
  160  11:18  Photon Cannon  
  170  11:21  Photon Cannon  
  170  11:27  Photon Cannon  
  170  11:31  Probe x2  
  170  11:32  Probe  
  173  11:35  Shield Battery  
  173  11:37  Pylon  
  173  11:43  Stalker x5  
  173  11:45  Stalker  
  185  11:56  Zealot x2  
  172  12:15  Probe x4  
  168  12:19  Disruptor x2, Gravitic Boosters  
  173  12:24  Photon Cannon  
  173  12:25  Photon Cannon  
  173  12:27  Probe  
  173  12:28  Photon Cannon  
  173  12:29  Probe x3  
  177  12:36  Charge  
  177  12:39  Probe  
  177  12:41  Zealot x5, Probe x3  
  191  12:46  Zealot x2  
  153  12:57  Disruptor  
  113  13:29  Stalker x7  
  123  14:06  Stalker  
  125  14:22  Pylon  
  125  14:31  Observer  
  110  14:44  Disruptor (Chrono Boost)  
  116  14:46  Disruptor (Chrono Boost), Stalker x7  
  111  15:23  Observer (Chrono Boost)  
  111  15:26  Disruptor (Chrono Boost)  
  112  15:36  Disruptor  
  111  15:56  Disruptor  
  56  16:27  Stalker x7  
  56  16:28  Stalker  
  67  16:53  Stalker x3  
  67  16:54  Stalker  
  23  17:17  Stalker  

Tags
 
Add a new tag
Caveats
  • Supply blocks, unpowered buildings, or Contaminate may cause inaccurate times.
  • Supply counts are checked every 10 seconds.